 Dungeon Crawl Stone Soup version 0.19-a0-1792-g28b16ba (webtiles) character file.

400 GameOver the Summoner (level 6, -3/49 HPs)
             Began as a Naga Summoner on Oct 4, 2016.
             Slain by hairmachine's ghost (13 damage)
             ... on level 4 of the Dungeon.
             The game lasted 00:20:37 (3280 turns).

GameOver the Summoner (Naga Summoner)               Turns: 3280, Time: 00:20:38

Health: -3/49      AC:  4    Str: 10    XL:     6   Next: 84%
Magic:  8/9        EV: 10    Int: 17    God:
Gold:   180        SH:  0    Dex: 12    Spells: 1 memorised, 6 levels left

rFire  . . .     SeeInvis +     g - +0 hunting sling
rCold  . . .     Gourm    .     a - +0 robe
rNeg   . . .     Faith    .     (no shield)
rPois  +         Spirit   .     q - +0 helmet
rElec  .         Dismiss  .     (no cloak)
rCorr  +         Reflect  .     (no gloves)
MR     .....     Harm     .     (no barding)
Stlth  ++........               (no amulet)
                                (no ring)
                                h - ring of resist corrosion

@: flying, very slow
A: see invisible, deformed body, poison resistance, slowness 2, slow metabolism
1, spit poison 1, AC +2
a: Spit Poison


You were on level 4 of the Dungeon.
You were not hungry.

You visited 1 branch of the dungeon, and saw 4 of its levels.
You also visited: Sewer.

You collected 180 gold pieces.

Inventory:

Hand Weapons
 g - a +0 hunting sling (weapon)
 w - a +4 short sword
Missiles
 f - 121 stones (quivered)
 u - 15 bolts
Armour
 a - a +0 robe (worn)
 k - a +0 shield
 q - a +0 helmet (worn)
 A - a +0 leather armour
Magical Staves
 x - an uncursed staff of fire
Jewellery
 h - a ring of resist corrosion (left hand)
Scrolls
 c - a scroll of fear {unknown}
 d - a scroll of fog
 i - 2 scrolls of identify
 j - a scroll of magic mapping
 m - 3 scrolls of remove curse
Potions
 n - a potion of flight
 s - a potion of agility {unknown}
 t - a potion of curing
 z - a potion of heal wounds {unknown}
Books
 b - a book of Callings

   Spells                             Type                      Level
   a - Summon Small Mammal            Summoning                    1
   b - Call Imp                       Summoning                    2
   c - Call Canine Familiar           Summoning                    3
   d - Summon Guardian Golem          Hexes/Summoning              3
   e - Summon Lightning Spire         Summoning/Air                4
   f - Summon Ice Beast               Ice/Summoning                4
Comestibles
 l - a bread ration
 o - a slice of pizza
 p - a beef jerky
 r - a meat ration
 v - 5 chunks of flesh


   Skills:
 - Level 1.5 Dodging
 - Level 3.0 Stealth
 - Level 2.0 Spellcasting
 + Level 8.0 Summonings


You had 6 spell levels left.
You knew the following spells:

 Your Spells              Type           Power        Failure   Level  Hunger
w - Call Canine Familiar  Summ           ####....     1%          3    ###....


Dungeon Overview and Level Annotations

Branches:
Dungeon (4/15)
 Temple: D:4-7

Altars:
Elyvilon
Hepliaklqana
Kikubaaqudgha
Qazlal
Sif Muna
Xom

Annotations:
D:4 hairmachine's ghost, novice OpCj


Innate Abilities, Weirdness & Mutations

You cannot wear boots.
Your serpentine skin is tough. (AC +2)
You have supernaturally acute eyesight. (SInv)
Armour fits poorly on your strangely shaped body.
Your system is resistant to poisons. (rPois)
You cover ground very slowly.
You have a slow metabolism.
You can spit poison.


Message History

It was a potion of flight.
You feel very buoyant.
You fly up into the air.
Hairmachine's ghost ripples.
The adder barely misses you.
An orc comes into view. It is wielding a morningstar.
Hairmachine's ghost casts a spell at you.
The orb of energy hits the adder.
The adder dies!
The orc shouts!
As you read the scroll labeled ISKOXZO VATENI, it crumbles to dust.
It is a scroll of amnesia.
Forget which spell ([?*] list [ESC] exit)?
Your memory of Summon Small Mammal unravels.
Hairmachine's ghost stares at you and mumbles some strange words.
The magic dart hits you!
* * * LOW HITPOINT WARNING * * *
Unknown command.
You feel better. Hairmachine's ghost hits you!
You die...

......#.#)#.####...........
......###.#.# #...........
.......##.#.#.##.#'########
............#......####
........#####.##......#
........# # #.####.#
#.#....## ##.##.####.#
#.#....# #..........#
........# ###@#....#
####.#..# ##W....## .....
##†....# ###.....# (..
#.......## ...##...o....#
.........§§..#
...(....o.§..#
.#......†....#


You could see hairmachine's ghost and an orc.

Vanquished Creatures
  A big kobold (Sewer)
  A hound (D:4)
  Terence (D:2)
  A gnoll (D:4)
  An adder (D:2)
  A river rat (Sewer)
  2 worms (D:2)
  3 leopard geckos
  An orc (D:3)
  2 ball pythons (D:2)
  6 giant cockroaches
  12 goblins
  11 hobgoblins
  3 jackals
  3 quokkas
  14 bats
  A frilled lizard (D:3)
  15 kobolds
  10 rats
89 creatures vanquished.

Vanquished Creatures (collateral kills)
  A phantom (D:4)
  A howler monkey (D:4)
  A gnoll shaman (D:4)
  Ijyb (D:3)
  Robin (D:2)
  2 gnolls (D:4)
  An adder (D:4)
  A giant cockroach (D:2)
  4 goblins (D:2)
  3 hobgoblins (D:2)
  3 frilled lizards
  2 kobolds
  3 rats (Sewer)
24 creatures vanquished.

Vanquished Creatures (others)
  An adder (D:4)
  A frilled lizard (D:4)
2 creatures vanquished.

Grand Total: 115 creatures vanquished

Notes
Turn   | Place    | Note
-------+----------+-------------------------------------------
     0 | D:1      | GameOver the Naga Summoner began the quest for the Orb.
     0 | D:1      | Reached XP level 1. HP: 15/15 MP: 3/3
   169 | D:1      | Reached XP level 2. HP: 22/22 MP: 5/5
   729 | D:1      | Reached XP level 3. HP: 28/28 MP: 6/6
   883 | D:1      | Reached skill level 5 in Summonings
  1242 | D:2      | Noticed Terence
  1249 | D:1      | Learned a level 3 spell: Call Canine Familiar
  1262 | D:2      | Killed Terence
  1324 | D:2      | Reached XP level 4. HP: 27/36 MP: 7/7
  1325 | D:2      | Found a hazy altar of Hepliaklqana.
  1704 | D:2      | Noticed Robin
  1798 | D:2      | Killed Robin
  1944 | D:2      | Reached skill level 6 in Summonings
  2130 | D:3      | Noticed Ijyb
  2152 | D:3      | Killed Ijyb
  2152 | D:3      | Reached XP level 5. HP: 37/42 MP: 6/8
  2214 | D:3      | Found a stormy altar of Qazlal.
  2217 | D:3      | Found a white marble altar of Elyvilon.
  2260 | D:3      | Found a shimmering altar of Xom.
  2345 | D:3      | Found a glowing drain.
  2373 | Sewer    | Entered a sewer
  2436 | Sewer    | Noticed a big kobold
  2452 | Sewer    | Killed a big kobold
  2452 | Sewer    | Reached skill level 7 in Summonings
  2452 | Sewer    | Reached XP level 6. HP: 49/49 MP: 3/9
  2479 | Sewer    | Found a white marble altar of Elyvilon.
  2900 | D:3      | Found a deep blue altar of Sif Muna.
  2903 | D:3      | Found an ancient bone altar of Kikubaaqudgha.
  3110 | D:4      | Noticed a phantom
  3130 | D:4      | Killed a phantom
  3265 | D:4      | Noticed hairmachine's ghost (novice OpCj)
  3268 | D:4      | Reached skill level 8 in Summonings
  3280 | D:4      | Slain by hairmachine's ghost

Vault maps used:
D:1:      dpeg_arrival_morbid_curiosity, grunt_decor_mini_mirrors
D:2:      kennysheep_six_static_rooms, nicolae_overflow_crystal_walls,
          uniq_robin, uniq_terence
D:3:      nicolae_overflow_hidden_temple, portal_sewer_entry_f,
          hangedman_decor_clover_reticule, uniq_iyjb
D:4:      minmay_door_path, serial_shops, kennysheep_mini_moat, first_bread,
          uniq_natasha
Sewer:    sewer_kobolds

Skill      XL: |  1  2  3  4  5  6 |
---------------+-------------------+-----
Summonings     | 5 6 7 8 |  8.0
Dodging        | |  1.5
Stealth        | |  3.0
Spellcasting   | |  2.0

Action                   |  1- 3 |  4- 6 || total
-------------------------+-------+-------++-------
Melee: Mace              |     2 |       ||     2
       Short sword       |     9 |     6 ||    15
 Fire: Hunting sling     |    33 |   125 ||   158
 Cast: Call Canine Famil |     1 |    12 ||    13
 Abil: Spit Poison       |    27 |    42 ||    69
  Use: Scroll            |       |     7 ||     7
       Potion            |       |     3 ||     3
  Eat: Bread ration      |     1 |       ||     1
       Chunk             |       |     7 ||     7
Armor: Robe              |     5 |    11 ||    16
Dodge: Dodged            |    11 |    22 ||    33
